 Dungeon Crawl Stone Soup version 0.23.0 (webtiles) character file.

Game seed: 5157608060273645987

51 Borgoz the Cutter (level 4, -1/29 HPs)
             Began as a Kobold Monk on Feb 16, 2019.
             Slain by a hobgoblin
             ... wielding a +0 club
              (3 damage)
             ... on level 2 of the Dungeon.
             The game lasted 00:02:42 (1477 turns).

Borgoz the Cutter (Kobold Monk)                     Turns: 1477, Time: 00:02:43

Health: -1/29      AC:  2    Str:  8    XL:     4   Next: 7%
Magic:  4/4        EV: 17    Int: 11    God:
Gold:   25         SH:  0    Dex: 18    Spells: 3/3 levels left

rFire    . . .     SeeInvis .   a - +0 short sword
rCold    . . .     Gourm    .   (shield restricted)
rNeg     . . .     Faith    .   b - +0 robe
rPois    .         Spirit   .   (no helmet)
rElec    .         Reflect  .   (no cloak)
rCorr    .         Harm     .   (no gloves)
MR       .....                  (no boots)
Stlth    +++.......             (no amulet)
HPRegen  0.49/turn              (no ring)
MPRegen  0.09/turn              (no ring)

@: hasted, very quick
A: small, fangs 1, talons 1, carnivore, sense surroundings 1, regeneration 1
a: no special abilities


You were on level 2 of the Dungeon.
You were completely stuffed.

You visited 1 branch of the dungeon, and saw 2 of its levels.

You collected 25 gold pieces.

Inventory:

Hand Weapons
 a - a +0 short sword (weapon)
Armour
 b - a +0 robe (worn)
Scrolls
 g - 3 scrolls of identify {unknown}
Comestibles
 c - 3 rations
 f - 3 chunks of flesh


   Skills:
 + Level 3.8 Fighting
 + Level 4.7 Short Blades
 + Level 4.2 Dodging
 + Level 3.5 Stealth


You had 3 spell levels left.
You didn't know any spells.
Your spell library was empty.

Dungeon Overview and Level Annotations

Branches:
Dungeon (2/15)

Altars:


Innate Abilities, Weirdness & Mutations

You are small and have problems with some larger weapons.
You are carnivorous and can eat meat at any time.
You have very sharp teeth.
You have sharp toenails.
You passively map a small area around you.
Your natural rate of healing is unusually fast.


Message History

The hobgoblin completely misses you.
You hit the hobgoblin but do no damage. The hobgoblin hits you with a +0 club.
You hit the hobgoblin.
The hobgoblin is lightly wounded.
You hit the hobgoblin.
The hobgoblin is moderately wounded.
The hobgoblin hits you with a +0 club.
* * * LOW HITPOINT WARNING * * *
You closely miss the hobgoblin.
The hobgoblin is moderately wounded.
The hobgoblin barely misses you.
It was a potion of haste.
You feel yourself speed up. The hobgoblin hits you with a +0 club.
* * * LOW HITPOINT WARNING * * *
It was a potion of mutation.
You feel extremely strange.
Your teeth lengthen and sharpen.
Your toenails lengthen and sharpen.
You begin to heal more quickly.
You feel a strange attunement to the structure of the dungeons.
The hobgoblin hits you with a +0 club.
You die...

, , * ......b
#.........#
....... , ,,
#.........#*
....?..
#.........#
.......
.#.........
,....... , ,
..........## *
......<
#.........#
#.........# ,
,
#....†@...#**
#.......g....#
*
..........?..#
*
...........<.#
, ,
......?......#
*
......!......#
.............#
#.............
,


You could see a hobgoblin.

Vanquished Creatures
  A gnoll (D:1)
  An ooze (D:1)
  2 leopard geckos (D:1)
  A ball python (D:1)
  3 bats
  5 giant cockroaches (D:1)
  2 goblins (D:1)
  6 hobgoblins (D:1)
  6 jackals
  2 kobolds (D:1)
  A rat (D:1)
30 creatures vanquished.

Notes
Turn   | Place    | Note
-------+----------+-------------------------------------------
     0 | D:1      | Borgoz the Kobold Monk began the quest for the Orb.
     0 | D:1      | Reached XP level 1. HP: 14/14 MP: 1/1
   251 | D:1      | Reached XP level 2. HP: 19/19 MP: 2/2
   446 | D:1      | Reached XP level 3. HP: 9/23 MP: 3/3
  1282 | D:1      | Reached XP level 4. HP: 13/29 MP: 4/4
  1476 | D:2      | HP: 1/29 [hobgoblin/+0 club (4)]
  1477 | D:2      | Gained mutation: You have very sharp teeth. [potion of
                  | mutation]
  1477 | D:2      | Gained mutation: You have sharp toenails. [potion of
                  | mutation]
  1477 | D:2      | Gained mutation: Your natural rate of healing is unusually
                  | fast. [potion of mutation]
  1477 | D:2      | Gained mutation: You passively map a small area around you.
                  | [potion of mutation]
  1477 | D:2      | Slain by a hobgoblin

Skill      XL: |  1  2 |
---------------+-------+-----
Stealth        | 3 |  3.5
Dodging        | 4 |  4.2
Fighting       | |  3.8
Short Blades   | |  4.7

Action                   |  1- 3 |  4- 6 || total
-------------------------+-------+-------++-------
Melee: Short sword       |   133 |    16 ||   149
  Use: Potion            |       |     2 ||     2
 Stab: Sleeping          |     4 |       ||     4
  Eat: Chunk             |    10 |       ||    10
Armor: Robe              |    19 |     4 ||    23
Dodge: Dodged            |   117 |    16 ||   133
